[Event "*** Titled Tuesday 3|2 Blitz"]
[Site "Chess.com"]
[Date "2015.12.01"]
[Round "2"]
[White "IM_Chessbrain"]
[Black "MattyDPerrine"]
[Result "0-1"]
[WhiteElo "2179"]
[BlackElo "2247"]
[TimeControl "180+2"]
[EndTime "17:23:35 PST"]
[Termination "MattyDPerrine won by checkmate"]

1. e4 c5 2. Nf3 e6 3. d4 cxd4 4. Nxd4 a6 5. Bd3 Qc7 6. O-O Nf6 7. c4 b6 8. Qe2 d6 9. Nc3 Be7 10. h3 Nbd7 11. Be3 Ne5 12. Rfc1 Nxd3 13. Qxd3 Bb7 14. Rab1 Rc8 15. b3 O-O 16. f3 Rfd8 17. Na4 Nd7 18. b4 Ne5 19. Qe2 Ba8 20. Nb3 Nd7 21. Qf2 Rb8 22.
a3 Qc6 23. Nb2 Rdc8 24. Rc2 Ne5 25. Rbc1 Bd8 26. Bd4 Nd7 27. Qg3 Bf6 28. Bxf6 Nxf6 29. Rd2 Rd8 30. Rcd1 Ne8 31. h4 Qc7 32. Rc1 Rbc8 33. h5 h6 34. Rdc2 d5 35. Qxc7 Rxc7 36. cxd5 Rxc2 37. Rxc2 exd5 38. e5 f6 39. f4 fxe5 40.
fxe5 d4 41. Rd2 Rd5 42. e6 Nc7 43. Rxd4 Nxe6 44. Rc4 Bb7 45. g4 Kf7 46. Kf2 Kf6 47. a4 a5 48. b5 Kg5 49. Kg3 Rd7 50. Kf2 Bd5 51. Rc3 Bxb3 52. Rxb3 Kxg4 53. Rg3+ Kxh5 54. Nd3 g5 55. Ne5 Rd2+ 56. Ke1 Rd4 57. Rh3+ Rh4 58. Rc3 Rxa4 59. Rc6 Re4+ 60. Kf2 Rxe5 61. Rxb6 Nd4 62.
Ra6 Rxb5 63. Kg3 Nf5+ 64. Kf3 Nd4+ 65. Ke4 Nb3 66. Kf3 Nc5 67. Rc6 a4 68. Rc8 Ra5 69.
Rb8 a3 70. Rb1 a2 71. Ra1 Nb3 72. Rh1+ Kg6 73. Kg4 a1=Q 74. Rh3 Qd4+ 75. Kg3 Qf4+ 76. Kg2 Ra2+ 77. Kh1 Qf1# 0-1

[Event "*** Titled Tuesday 3|2 Blitz"]
[Site "Chess.com"]
[Date "2015.12.01"]
[Round "2"]
[White "pKiLz5Rn9b"]
[Black "HansCoolNiemann"]
[Result "0-1"]
[WhiteElo "2438"]
[BlackElo "2187"]
[TimeControl "180+2"]
[EndTime "17:24:40 PST"]
[Termination "HansCoolNiemann won by resignation"]

1. d4 Nf6 2. c4 g6 3. Nc3 c5 4. d5 e6 5. e4 exd5 6. exd5 d6 7. h3 Bg7 8. Bd3 O-O 9. Nge2 Re8 10. O-O Nbd7 11.
Bf4 Ne5 12. Re1 Nxd3 13. Qxd3 Bf5 14. Qd2 a6 15. Ng3 Bc8 16. Rxe8+ Nxe8 17. Re1 Bd7 18. Nce4 Bf8 19. Bg5 f6 20. Bh6 Ng7 21. Qf4 Nh5 22.
Qd2 Nxg3 23. Nxg3 Bxh6 24. Qxh6 Qf8 25. Qf4 f5 26. h4 Re8 27. Rxe8 Bxe8 28. h5 Qe7 29.
hxg6 hxg6 30. Kf1 b5 31. b3 bxc4 32. bxc4 Ba4 33. Qd2 Qh4 34. Qd3 Bd7 35. Ke1 Qf6 36. Qd2 f4 37. Ne2 g5 38. Qc3 Qf5 39. Qb3 Be8 40. f3 Qe5 41. Kd2 Bg6 42. Qb8+ Kg7 43. Qb7+ Kh6 44. Qb3 Qa1 45. a3 Qe5 46. Qc3 Qf5 47.
Qh8+ Bh7 48. Qd8 Qe5 49. Qf8+ Kh5 50. Qf7+ Bg6 51. Qb7 Qe3+ 52. Kd1 Qd3+ 53. Ke1 Qb1+ 54. Qxb1 Bxb1 55. Kd2 Kg6 56. Nc3 Bf5 57. Na4 Kf6 58.
Nb2 Ke5 59. Kc3 g4 60. fxg4 Bxg4 61. Nd3+ Ke4 62. Nf2+ Kf5 63. Kd3 Bh5 64. Kc3 Ke5 65. a4 Bg6 66. a5 Be4 67. Ng4+ Kf5 68. Nh6+ Kg6 69. Ng4 Kg5 70. Nf2 Bxg2 71. Kd3 Kf5 72. Nd1 Be4+ 73. Kc3 Ke5 74. Nf2 Bf5 75. Nd1 f3 76.
Kd2 Kd4 77. Ne3 Be4 78. Ng4 Kxc4 79. Ke3 Bxd5 80. Nf6 Bc6 81. Ne8 Bxe8 0-1

[Event "*** Titled Tuesday 3|2 Blitz"]
[Site "Chess.com"]
[Date "2015.12.01"]
[Round "2"]
[White "MMSANCHEZ"]
[Black "GianmarcoVaR"]
[Result "1/2-1/2"]
[WhiteElo "2320"]
[BlackElo "2303"]
[TimeControl "180+2"]
[EndTime "17:28:05 PST"]
[Termination "Game drawn - insufficient material"]

1. d4 Nf6 2. Nf3 e6 3. c4 b6 4. g3 Ba6 5. Nbd2 Bb4 6. Qc2 Bb7 7. Bg2 Be4 8. Qd1 O-O 9. O-O Bxd2 10. Qxd2 d6 11.
b3 Nbd7 12. Bb2 Qc8 13. Rfd1 Qb7 14. Rac1 a5 15. a3 h6 16. Ne1 Bxg2 17. Nxg2 Rfe8 18. f3 e5 19. e4 Qc6 20. Ne3 exd4 21.
Bxd4 Ne5 22. Bxe5 dxe5 23. Nd5 Nd7 24. b4 Nf8 25. Qc3 axb4 26. axb4 Ra2 27. Rc2 Qa4 28. Rdc1 Ra3 29. Qd2 Ne6 30. Rc3 Ra8 31. Rxa3 Qxa3 32. Qc3 Qa2 33. Rc2 Qb1+ 34. Rc1 Qa2 35. Rc2 Qa1+ 36.
Qxa1 Rxa1+ 37. Kg2 Kf8 38. c5 bxc5 39. bxc5 c6 40.
Nb6 Ke7 41. Nc4 f6 42. Nd6 Ra5 43. Nf5+ Kf7 44. Nd6+ Kg6 45. Nf5 Kf7 46. Nd6+ Kg8 47. Nf5 Kf8 48. Rb2 Rxc5 49. Rb8+ Kf7 50. Rb7+ Kg8 51.
Re7 Rc2+ 52. Kg1 Nd4 53. Rxg7+ Kf8 54. Rc7 Nxf3+ 55. Kf1 Nxh2+ 56. Ke1 Nf3+ 57. Kd1 Rd2+ 58. Kc1 Re2 59. Rxc6 Kf7 60. Rc7+ Ke8 61. Rh7 Re1+ 62. Kb2 Nd4 63. Nd6+ Kd8 64. Nf7+ Kc8 65. Nd6+ Kb8 66. Rxh6 Rf1 67. Ne8 Rf2+ 68. Kc3 Rf3+ 69. Kc4 f5 70. exf5 Nxf5 71. Rf6 Ne3+ 72. Kc5 Rxg3 73. Re6 Ng4 74. Nd6 Rc3+ 75. Kd5 e4 76. Nxe4 Ne3+ 77. Kd4 Ra3 78.
Rb6+ Ka7 79. Rf6 Nc2+ 80. Ke5 Ra5+ 81. Kf4 Nd4 82. Rf7+ Ka8 83. Rf8+ Kb7 84. Rf7+ Kb8 85. Rf8+ Kc7 86. Rf6 Ra4 87. Ke3 Nc2+ 88. Kd3 Ne1+ 89. Ke3 Ng2+ 90. Kf3 Nh4+ 91. Ke3 Ng2+ 92. Kf3 Ne1+ 93.
Ke3 Nc2+ 94. Kf3 Nd4+ 95. Ke3 Nc6 96. Nc5 Ra3+ 97. Ke4 Kb6 98. Nd7+ Kc7 99. Nc5 Kb6 100. Kd5 Ra1 101. Rxc6+ Kb5 102. Nd3 Rd1 103. Rc5+ Kb6 104. Rc3 Kb7 105. Kc4 Kb6 106. Rb3+ Kc6 107. Nb4+ Kc7 108. Rc3 Kd6 109. Kb5 Kd7 110. Kb6 Rb1 111. Kc5 Rd1 112. Nd5 Ke6 113. Re3+ Kf5 114. Kd6 Rd2 115. Re5+ Kg6 116. Ke6 Rd1 117. Ne7+ Kg7 118. Rg5+ Kh6 119. Rg2 Re1+ 120. Kf6 Kh5 121. Ng6 Rf1+ 122. Ke5 Re1+ 123. Kf5 Rh1 124. Nf4+ Kh6 125. Kf6 Kh7 126. Ng6 Rf1+ 127. Kg5 Kg7 128. Nf4 Kf7 129. Kf5 Ke7 130. Rb2 Kd6 131. Rd2+ Ke7 132. Rc2 Kd6 133. Re2 Kd7 134. Re6 Rxf4+ 135. Kxf4 Kxe6 1/2-1/2

[Event "*** Titled Tuesday 3|2 Blitz"]
[Site "Chess.com"]
[Date "2015.12.01"]
[Round "3"]
[White "Po6Don"]
[Black "ilmago"]
[Result "1-0"]
[WhiteElo "1996"]
[BlackElo "1909"]
[TimeControl "180+2"]
[EndTime "17:30:45 PST"]
[Termination "Po6Don won by resignation"]

1. e4 c5 2. c3 d5 3. exd5 Qxd5 4.
Nf3 Nc6 5. d4 Nf6 6. Be3 e6 7.
Bd3 cxd4 8. cxd4 Be7 9. Nc3 Qd6 10. O-O O-O 11. Qe2 a6 12. Rad1 b5 13. Bg5 Bb7 14. Ne4 Nb4 15. Nxd6 1-0

[Event "*** Titled Tuesday 3|2 Blitz"]
[Site "Chess.com"]
[Date "2015.12.01"]
[Round "3"]
[White "Konavets"]
[Black "MMSANCHEZ"]
[Result "0-1"]
[WhiteElo "2504"]
[BlackElo "2332"]
[TimeControl "180+2"]
[EndTime "17:32:55 PST"]
[Termination "MMSANCHEZ won by checkmate"]

1. e4 e6 2. d4 d5 3. Nc3 Bb4 4. e5 c5 5. a3 Bxc3+ 6. bxc3 Ne7 7. Qg4 Qc7 8. Qxg7 Rg8 9. Qxh7 cxd4 10. Kd1 dxc3 11.
Nf3 Nbc6 12. Bf4 Bd7 13. Bd3 O-O-O 14. Bg3 Nf5 15. Bxf5 exf5 16. e6 f4 17. exd7+ Qxd7 18. Bh4 Rde8 19. Rg1 Qg4 20. Qd3 Ne5 21. Qxc3+ Kb8 22.
Bd8 Nxf3 23. Qc7+ Ka8 24. Rb1 Nxg1+ 25. f3 Re1+ 26. Kxe1 Qe6+ 27. Kf1 Qe2+ 28. Kxg1 Qxg2# 0-1

[Event "*** Titled Tuesday 3|2 Blitz"]
[Site "Chess.com"]
[Date "2015.12.01"]
[Round "3"]
[White "wonderfultime"]
[Black "DanielNaroditsky"]
[Result "0-1"]
[WhiteElo "2639"]
[BlackElo "2540"]
[TimeControl "180+2"]
[EndTime "17:33:50 PST"]
[Termination "DanielNaroditsky won by resignation"]

1. d4 Nf6 2. c4 e6 3. Nf3 d5 4. Nc3 Bb4 5. Bg5 h6 6. Bxf6 Qxf6 7. e3 O-O 8. Be2 dxc4 9. O-O Bxc3 10. bxc3 b5 11. a4 c6 12. Qb1 a6 13. Ne5 Ra7 14.
Nxc4 Nd7 15. axb5 cxb5 16. Nd6 e5 17. Ne4 Qb6 18. Qxb5 axb5 0-1

[Event "*** Titled Tuesday 3|2 Blitz"]
[Site "Chess.com"]
[Date "2015.12.01"]
[Round "3"]
[White "Gabrinsky"]
[Black "yopino"]
[Result "0-1"]
[WhiteElo "2339"]
[BlackElo "2225"]
[TimeControl "180+2"]
[EndTime "17:33:58 PST"]
[Termination "yopino won by resignation"]

1. e4 c5 2. Nf3 g6 3. c3 Bg7 4. Bd3 Nc6 5. O-O d6 6. h3 Nf6 7. Re1 Nd7 8. Bc2 e5 9. d3 O-O 10. Nbd2 b5 11. Nf1 Rb8 12. a4 b4 13. Bg5 Qc7 14.
Ne3 f6 15. Nd5 Qd8 16. Bc1 a5 17. Bb3 Kh8 18. Bd2 Ne7 19. Ne3 Nb6 20. Nc4 Nxc4 21. Bxc4 d5 22. Ba2 Be6 23. cxb4 cxb4 24. Rc1 Qd7 25. Bb3 Rfc8 26. Qe2 d4 27. Qd1 Ng8 28.
Re2 Rxc1 29. Bxc1 Rc8 30. Nd2 Bxb3 31. Nxb3 Qxa4 32. Bd2 Qb5 33. Be1 a4 34. Na1 b3 35.
Bd2 Qxd3 0-1

[Event "*** Titled Tuesday 3|2 Blitz"]
[Site "Chess.com"]
[Date "2015.12.01"]
[Round "3"]
[White "jlandaw"]
[Black "gumersindo"]
[Result "1-0"]
[WhiteElo "2354"]
[BlackElo "2202"]
[TimeControl "180+2"]
[EndTime "17:34:23 PST"]
[Termination "jlandaw won by resignation"]

1. e4 c6 2. Nf3 d5 3. Nc3 Bg4 4. h3 Bxf3 5. Qxf3 e6 6. Be2 Nf6 7. O-O Nbd7 8. d4 Nb6 9. Bg5 Be7 10. e5 Nfd7 11. Bxe7 Qxe7 12. a4 a6 13. a5 Nc8 14.
Rfb1 Na7 15. Na4 O-O 16. b3 c5 17. c4 cxd4 18. cxd5 exd5 19. Qxd5 Qxe5 20. Qxd7 Qxe2 21. Nb6 Rad8 22. Qxb7 Nb5 23. Qxa6 Rfe8 24. Nc4 Nc3 25. Rb2 d3 26. Rxe2 dxe2 27. Ne3 Rd1+ 28. Rxd1 1-0

[Event "*** Titled Tuesday 3|2 Blitz"]
[Site "Chess.com"]
[Date "2015.12.01"]
[Round "3"]
[White "simplerXiao"]
[Black "HansCoolNiemann"]
[Result "0-1"]
[WhiteElo "2323"]
[BlackElo "2198"]
[TimeControl "180+2"]
[EndTime "17:34:26 PST"]
[Termination "HansCoolNiemann won by resignation"]

1. Nf3 Nf6 2. b4 e6 3. b5 a6 4.
c4 c6 5. e3 axb5 6. cxb5 cxb5 7. Bxb5 Qa5 8. Nc3 Bb4 9. Nd4 Bxc3 10. dxc3 e5 11. a4 exd4 12. O-O O-O 13. cxd4 Nc6 14.
d5 Nb4 15. e4 Re8 16. Bd2 Nxe4 17. Be1 Nd6 18. Rb1 Re4 19. Bd3 Rh4 20. g3 Qxd5 21.
Bxb4 Rd4 22. Rb3 b5 23. Bxd6 Qxd6 24. axb5 Bb7 25. Qe2 Qd5 0-1

[Event "*** Titled Tuesday 3|2 Blitz"]
[Site "Chess.com"]
[Date "2015.12.01"]
[Round "3"]
[White "Tirantes"]
[Black "Kacparov"]
[Result "0-1"]
[WhiteElo "2233"]
[BlackElo "2505"]
[TimeControl "180+2"]
[EndTime "17:34:37 PST"]
[Termination "Kacparov won on time"]

1. c4 e6 2. Nf3 Nf6 3. g3 d5 4. Bg2 Be7 5. O-O O-O 6. b3 b6 7. Bb2 Bb7 8. e3 c5 9. Qe2 Nc6 10. cxd5 Nxd5 11. Nc3 Ndb4 12. Rfd1 Ba6 13. d3 Bxd3 14.
Qd2 Bc2 15. Rdc1 Bg6 16. Qe2 Qd3 17. Bf1 Qxe2 18. Bxe2 Nd3 19. Bxd3 Bxd3 20. Rd1 Rad8 21. Rd2 Bf6 22. Rad1 Ba6 23. Na4 Rxd2 24. Rxd2 Bxb2 25. Nxb2 Rd8 26. Rxd8+ Nxd8 27. Ne5 f6 28. Nec4 Kf7 29. f4 Ke7 30. Kf2 Nc6 31. Ke1 Nb4 32. a3 Nd3+ 33. Kd2 Nf2 34. b4 cxb4 35. axb4 Ng4 36. h3 Nf2 0-1

[Event "*** Titled Tuesday 3|2 Blitz"]
[Site "Chess.com"]
[Date "2015.12.01"]
[Round "3"]
[White "Fandorine"]
[Black "AnimationDomination"]
[Result "1-0"]
[WhiteElo "2520"]
[BlackElo "1718"]
[TimeControl "180+2"]
[EndTime "17:34:46 PST"]
[Termination "Fandorine won by resignation"]

1. e4 c5 2. Nf3 d6 3. d4 cxd4 4. Qxd4 Nf6 5. h3 Nc6 6. Bb5 Bd7 7.
Qd3 a6 8. Bxc6 Bxc6 9. Nc3 e6 10.
O-O Be7 11. Nd4 Qc7 12. b3 O-O 13. Bb2 Rac8 14. Rac1 Rfd8 15. Rfe1 d5 16. Nxc6 Qxc6 17. exd5 Nxd5 18. Ne4 Nf6 19. Qg3 Kh8 20. c4 Rg8 21.
Ng5 Qe8 22. Qd3 Rd8 23. Qc2 h6 24. Nf3 Nh7 25. Qe4 Qd7 26. Ne5 Ng5 27. Nxd7 Nxe4 28.
Ne5 Ng5 29. h4 Rd2 30. Bc3 Rxa2 31. hxg5 Bxg5 32. Nxf7+ Kh7 33. Nxg5+ hxg5 34. Rxe6 1-0

[Event "*** Titled Tuesday 3|2 Blitz"]
[Site "Chess.com"]
[Date "2015.12.01"]
[Round "3"]
[White "ntmh281"]
[Black "pKiLz5Rn9b"]
[Result "1-0"]
[WhiteElo "2167"]
[BlackElo "2424"]
[TimeControl "180+2"]
[EndTime "17:34:54 PST"]
[Termination "ntmh281 won by resignation"]

1. d4 e6 2. Nf3 Nf6 3. e3 c5 4.
Bd3 Be7 5. O-O b6 6. b3 Bb7 7.
Nbd2 O-O 8. Bb2 d5 9. Qe2 Nbd7 10. Ne5 Rc8 11. Rad1 Qc7 12. f4 Ne4 13. Nxd7 Qxd7 14. Bxe4 dxe4 15. dxc5 Qc6 16. Nc4 Bxc5 17. Ne5 Qc7 18.
Rd7 Qb8 19. Rfd1 Rc7 20. Kf2 f5 21. Qh5 Be7 22. c4 Bc8 23. Nc6 Rxd7 24. Nxb8 Rd2+ 25. Rxd2 1-0

[Event "*** Titled Tuesday 3|2 Blitz"]
[Site "Chess.com"]
[Date "2015.12.01"]
[Round "3"]
[White "flubs"]
[Black "Carolina-moon"]
[Result "1-0"]
[WhiteElo "2184"]
[BlackElo "2045"]
[TimeControl "180+2"]
[EndTime "17:34:59 PST"]
[Termination "flubs won by resignation"]

1. d4 f5 2. c4 Nf6 3. g3 g6 4. Bg2 Bg7 5. Nf3 O-O 6. O-O d6 7. Nc3 c6 8. b3 Qa5 9. Bd2 Qc7 10. Rc1 e5 11. dxe5 dxe5 12. e4 Na6 13. Re1 Re8 14. Qe2 Nc5 15. Nh4 fxe4 16. Nxe4 Ncxe4 17. Bxe4 Bg4 18. f3 Nxe4 19. Qxe4 Be6 20. Bc3 Bf7 21.
Rcd1 Rad8 22. Rxd8 Qxd8 23. Ng2 Qb6+ 24. Qe3 Qa6 25. Qf2 b5 26. cxb5 cxb5 27. Ne3 Qb7 28. Ng4 e4 29. Bxg7 Kxg7 30. Qd4+ Kg8 31. Nf6+ Kf8 32. Nxh7+ Kg8 33. Nf6+ Kf8 34. Nxe8 Kxe8 35.
Rxe4+ 1-0

[Event "*** Titled Tuesday 3|2 Blitz"]
[Site "Chess.com"]
[Date "2015.12.01"]
[Round "3"]
[White "1stSecond"]
[Black "dawnrule"]
[Result "1-0"]
[WhiteElo "2472"]
[BlackElo "2223"]
[TimeControl "180+2"]
[EndTime "17:35:02 PST"]
[Termination "1stSecond won by resignation"]

1. d4 Nf6 2. c4 e6 3. Nc3 Bb4 4. e3 O-O 5. Ne2 b6 6. a3 Be7 7. d5 exd5 8. cxd5 Re8 9. g3 Bb7 10. Bg2 Bd6 11. O-O c6 12. Nd4 cxd5 13. b3 Bf8 14.
Bb2 Nc6 15. Nxd5 Nxd5 16. Bxd5 Rc8 17. Rc1 Qg5 18. Bg2 Ba8 19. Nf3 Qe7 20. b4 b5 21.
Qd3 d6 22. Qxb5 Ne5 23. Nxe5 Bxg2 24. Kxg2 dxe5 25. Rxc8 Rxc8 26. Rc1 Rxc1 27. Bxc1 e4 28. Qd5 h6 29. Bb2 Qe6 30. Qxe6 fxe6 31. b5 Kf7 32. a4 Bc5 33. Bd4 Bxd4 34. exd4 Ke7 35. a5 Kd6 36. Kf1 g5 37. Ke2 h5 38. Ke3 Kd5 39. b6 axb6 40.
axb6 1-0

[Event "*** Titled Tuesday 3|2 Blitz"]
[Site "Chess.com"]
[Date "2015.12.01"]
[Round "3"]
[White "the_drake"]
[Black "JustKid"]
[Result "1-0"]
[WhiteElo "2001"]
[BlackElo "2096"]
[TimeControl "180+2"]
[EndTime "17:35:05 PST"]
[Termination "the_drake won by checkmate"]

1. e4 d6 2. d4 Nf6 3. Bd3 e5 4. d5 c5 5. c4 Be7 6. Nc3 O-O 7. Nge2 Ne8 8. O-O g6 9. Be3 Ng7 10. Qd2 f5 11. f4 Nd7 12. Rae1 a6 13. a3 fxe4 14.
Nxe4 Nf5 15. fxe5 Nxe5 16. N2g3 Nxe3 17. Qxe3 Bd7 18. b3 Qa5 19. Bb1 b6 20. h3 Qxa3 21. Qh6 Rxf1+ 22. Rxf1 Qxb3 23. Ng5 Bxg5 24. Qxg5 Qxc4 25.
Nh5 Qd4+ 26. Kh1 Nf7 27. Qe7 Bf5 28. Bxf5 gxf5 29. Rxf5 Rf8 30. Nf6+ Kg7 31. Rg5+ Kh6 32. Ng4+ Qxg4 33. Qf6# 1-0

[Event "*** Titled Tuesday 3|2 Blitz"]
[Site "Chess.com"]
[Date "2015.12.01"]
[Round "3"]
[White "Gevorg_Harutjunyan"]
[Black "dretch"]
[Result "0-1"]
[WhiteElo "2521"]
[BlackElo "2455"]
[TimeControl "180+2"]
[EndTime "17:35:44 PST"]
[Termination "dretch won on time"]

1. e4 e6 2. Nf3 d5 3. e5 c5 4.
b4 cxb4 5. a3 Qa5 6. Bb2 Nc6 7.
Bd3 Bd7 8. axb4 Qxb4 9. Ba3 Qf4 10. Bxf8 Kxf8 11. O-O Nxe5 12. Nxe5 Qxe5 13. Nc3 Nf6 14. Re1 Qf4 15. g3 Qg4 16. Qb1 b6 17.
Bb5 h5 18. Ra4 Qg6 19. Bd3 Qh6 20. Qb4+ Kg8 21. Raa1 h4 22. g4 Qxd2 23. Re3 Rc8 24. Ba6 Nxg4 25. Qxg4 Rxc3 26. Re2 Qh6 27. Bd3 h3 28. f4 a5 29. Rb1 Qf6 30. f5 Rh4 31. Qg3 exf5 32. Qb8+ Rc8 33. Qxb6 Rg4+ 34. Kh1 Qxb6 35.
Rxb6 d4 36. Bb5 Bxb5 37. Rxb5 d3 0-1

[Event "*** Titled Tuesday 3|2 Blitz"]
[Site "Chess.com"]
[Date "2015.12.01"]
[Round "3"]
[White "Ar4uha"]
[Black "Fh2411"]
[Result "0-1"]
[WhiteElo "2348"]
[BlackElo "2303"]
[TimeControl "180+2"]
[EndTime "17:35:53 PST"]
[Termination "Fh2411 won by checkmate"]

1. e4 e5 2. Nf3 Nc6 3. d4 exd4 4.
Nxd4 Bc5 5. Nb3 Bb6 6. Nc3 d6 7. Qe2 Nf6 8. Bg5 h6 9. Bh4 Be6 10. O-O-O Qe7 11. Kb1 O-O-O 12. f3 g5 13. Bf2 Nh5 14.
Bxb6 axb6 15. Qb5 Nf4 16. Qa4 Kb8 17. Nb5 Bd7 18. N3d4 Ne6 19. Nf5 Qf6 20. Bc4 Nc5 21. Qa3 Bxf5 22. exf5 Qxf5 23. Bd5 Na6 24. Bxc6 bxc6 25.
Nd4 Qc8 26. Nxc6+ Kb7 27. Nxd8+ Rxd8 28. Qb3 Qd7 29. Rhe1 Nc5 30. Qd5+ c6 31. b3 cxd5 32. Rxd5 Ne6 33. Red1 Qc6 34. g3 Rd7 35. Kb2 Nc7 36.
R5d2 d5 37. c4 Qf6+ 38. Ka3 d4 39. Kb2 Qxf3 40. Rd3 Qf6 41. R1d2 Ne6 42. b4 Qe5 43. Kb3 f5 44. a4 f4 45. gxf4 Nxf4 46. Rf3 d3 47. Rf1 Qe3 48. Rfd1 Ne2 49. a5 Nd4+ 50. Kc3 Nf3 51. Ra2 Qe5+ 52. Kb3 Nd4+ 53. Ka3 bxa5 54. bxa5 Nc6 55. Rb1+ Ka7 56. Rb5 Qc3+ 57. Rb3 Qc1+ 58. Ka4 Qxc4+ 59. Ka3 d2 60. Rb1 Rd3+ 61. Kb2 Qc3# 0-1

[Event "*** Titled Tuesday 3|2 Blitz"]
[Site "Chess.com"]
[Date "2015.12.01"]
[Round "3"]
[White "MisaPap"]
[Black "Chakraborty-ARZ"]
[Result "1-0"]
[WhiteElo "2428"]
[BlackElo "2283"]
[TimeControl "180+2"]
[EndTime "17:35:58 PST"]
[Termination "MisaPap won by checkmate"]

1. e4 c6 2. d4 d5 3. Nd2 dxe4 4. Nxe4 Bf5 5. Ng3 Bg6 6. h4 h6 7. Nf3 Nd7 8. h5 Bh7 9. Bd3 Bxd3 10. Qxd3 e6 11. Bd2 Ngf6 12. O-O-O Be7 13. Kb1 O-O 14. Ne4 Nxe4 15. Qxe4 Nf6 16. Qe2 Qd5 17. Ne5 Qe4 18. Qxe4 Nxe4 19. Be1 Rfd8 20. f3 Nd6 21. g4 Bf6 22.
Bg3 a5 23. c3 a4 24. Rhe1 a3 25. b3 Nb5 26. Kc2 Kf8 27. Bf2 Nc7 28. Nc4 Nd5 29. Bg3 Ke7 30. Ne3 b5 31. Nf5+ Kf8 32.
Nd6 Be7 33. Ne4 Nf6 34. Nxf6 Bxf6 35. Be5 Bxe5 36. dxe5 Ke7 37. Rxd8 Rxd8 38. Re4 c5 39. f4 Rd7 40. Re3 Rd8 41. Rd3 Rxd3 42. Kxd3 Kd7 43.
Ke4 Kc6 44. f5 Kc7 45. f6 gxf6 46. exf6 Kd8 47. g5 hxg5 48. h6 Ke8 49. h7 Kf8 50.
h8=Q# 1-0

[Event "*** Titled Tuesday 3|2 Blitz"]
[Site "Chess.com"]
[Date "2015.12.01"]
[Round "3"]
[White "HustleStandard"]
[Black "tigra"]
[Result "1-0"]
[WhiteElo "2355"]
[BlackElo "2240"]
[TimeControl "180+2"]
[EndTime "17:36:11 PST"]
[Termination "HustleStandard won by checkmate"]

1. d4 Nf6 2. c4 g6 3. Nc3 Bg7 4.
e4 O-O 5. Be2 d6 6. Bg5 Nbd7 7.
Qd2 c6 8. Nf3 a6 9. Bh6 b5 10.
Bxg7 Kxg7 11. e5 Ne8 12. O-O Bb7 13. Rad1 bxc4 14. Bxc4 c5 15. e6 Nb6 16. dxc5 Nxc4 17.
Qd4+ Nf6 18. Qxc4 Bxf3 19. gxf3 Qc8 20. b4 fxe6 21. Rfe1 Nh5 22. Qh4 Ra7 23. Ne4 Rf4 24.
Qh3 Rf5 25. cxd6 Nf4 26. Qh4 h6 27. dxe7 g5 28. Nd6 Qa8 29. Qxf4 gxf4 30. Nxf5+ Kf6 31. Rd8 Qxf3 32. Rf8+ Kg5 33. Rg8+ Kxf5 34. e8=Q Qc3 35. Qxe6# 1-0

[Event "*** Titled Tuesday 3|2 Blitz"]
[Site "Chess.com"]
[Date "2015.12.01"]
[Round "3"]
[White "ethylalcohol"]
[Black "UltimateCrusher2"]
[Result "1-0"]
[WhiteElo "1996"]
[BlackElo "2013"]
[TimeControl "180+2"]
[EndTime "17:36:18 PST"]
[Termination "ethylalcohol won by resignation"]

1. e4 b6 2. d4 Bb7 3. Nc3 e6 4. Nf3 Bb4 5. Bd3 Nf6 6. e5 Nd5 7. Bd2 Nxc3 8. bxc3 Be7 9. O-O d5 10. Qe2 O-O 11. a4 a6 12. Rab1 c5 13. dxc5 Bxc5 14. Nd4 Nc6 15. Nxc6 Bxc6 16. Qh5 g6 17. Qh6 Re8 18. h4 Bf8 19. Qf4 h5 20. Rfe1 Bg7 21.
Qd4 Rb8 22. Bxa6 Qc7 23. Bd3 Ra8 24. Qxb6 Bxe5 25. Qxc7 Bxc7 26. Bb5 Bxb5 27. axb5 Bb6 28. Be3 Bxe3 29. Rxe3 Reb8 30. c4 dxc4 31. Rc3 Ra5 32. Rxc4 Raxb5 33. Rxb5 Rxb5 34. Kh2 f5 35. Rc7 e5 36. c4 Rb3 37. c5 Rc3 38. c6 e4 39.
Rc8+ Kf7 40. c7 Ke7 41. Rg8 Rxc7 42. Rxg6 f4 43. Rg5 Kd6 44. Rg6+ Ke5 45. Rg5+ Kf6 46. Rxh5 e3 47. fxe3 fxe3 48. Rh6+ Kf5 49. Rh5+ Ke4 50. Rh8 e2 51. Re8+ Kd3 52. g4 Rc4 53. Kg3 Re4 54. Rxe4 Kxe4 55. Kf2 Kf4 56. h5 1-0

[Event "*** Titled Tuesday 3|2 Blitz"]
[Site "Chess.com"]
[Date "2015.12.01"]
[Round "3"]
[White "ArnaudovP"]
[Black "gauranga"]
[Result "1-0"]
[WhiteElo "2321"]
[BlackElo "2033"]
[TimeControl "180+2"]
[EndTime "17:36:24 PST"]
[Termination "ArnaudovP won by checkmate"]

1. Nf3 b6 2. g3 Bb7 3. Bg2 e6 4. O-O f5 5. c4 Nf6 6. Nc3 g6 7. d3 Bg7 8. e4 O-O 9. e5 Ng4 10. Qe2 a6 11. Bf4 c5 12. Rad1 Nc6 13. h3 Nh6 14. d4 cxd4 15. Nxd4 Nxd4 16. Rxd4 Bxg2 17. Kxg2 Nf7 18. Rfd1 g5 19. Rxd7 Qc8 20. Rxf7 Rxf7 21. Bxg5 Qc6+ 22. Kh2 Rc8 23. Rd6 Qxc4 24. Qxc4 Rxc4 25.
Rxe6 b5 26. Nd5 Rc2 27. Kg2 Rxb2 28. Nf6+ Bxf6 29. Bxf6 Rxa2 30. g4 fxg4 31. hxg4 b4 32. Rb6 a5 33. g5 Re2 34. Kf3 Re1 35. Kf4 Ra7 36. Kf5 Re2 37. f4 a4 38. Rb8+ Kf7 39.
Rh8 Ra5 40. Rxh7+ Ke8 41. g6 b3 42. Rb7 a3 43. g7 Rg2 44. Bg5 b2 45. g8=Q# 1-0

[Event "*** Titled Tuesday 3|2 Blitz"]
[Site "Chess.com"]
[Date "2015.12.01"]
[Round "3"]
[White "Iball95"]
[Black "Cararay"]
[Result "1-0"]
[WhiteElo "2423"]
[BlackElo "2217"]
[TimeControl "180+2"]
[EndTime "17:36:57 PST"]
[Termination "Iball95 won on time"]

1. e4 c6 2. c4 d5 3. cxd5 cxd5 4.
exd5 Nf6 5. Nc3 Nxd5 6. Nf3 e6 7.
d4 Be7 8. Bd3 O-O 9. O-O Nc6 10.
a3 Nxc3 11. bxc3 b6 12. a4 Bb7 13. Re1 Rc8 14. Qe2 Na5 15. Ne5 Qd5 16. Qg4 g6 17. c4 Qd6 18. Bh6 Nb3 19. Nxg6 fxg6 20. Bxg6 Qxd4 21. Qxe6+ Kh8 22. Qxe7 hxg6 23. Bxf8 Nxa1 24. h3 Nc2 25. Re4 Bxe4 26. Bh6 Kg8 27. Qe6+ Kh7 28. Qxc8 Kxh6 29. Qf8+ 1-0

[Event "*** Titled Tuesday 3|2 Blitz"]
[Site "Chess.com"]
[Date "2015.12.01"]
[Round "3"]
[White "Thomaslegend"]
[Black "Viaje"]
[Result "0-1"]
[WhiteElo "2112"]
[BlackElo "2192"]
[TimeControl "180+2"]
[EndTime "17:36:57 PST"]
[Termination "Viaje won by resignation"]

1. d4 Nf6 2. c4 c5 3. d5 b5 4. cxb5 a6 5. bxa6 g6 6. Nc3 Bg7 7. e4 O-O 8. Nf3 Qa5 9. Bd2 Bxa6 10.
Bxa6 Qxa6 11. Qe2 e6 12. Qxa6 Nxa6 13. O-O Nb4 14. dxe6 fxe6 15. Ne5 d6 16. Nc4 d5 17.
exd5 exd5 18. Nb6 Rab8 19. Nca4 Nd3 20. Rac1 Ne4 21. Be1 Nxb2 22. Ba5 Nxa4 23. Nxa4 Ra8 24. Nxc5 Rxa5 25. Nxe4 dxe4 26. Rc4 Re8 27. Rc2 Bh6 28.
Re2 e3 29. Kh1 Rae5 30. fxe3 Rxe3 31. Ref2 Re1 32. g3 Rxf1+ 33. Rxf1 Re2 34. a3 Ra2 35. Rf3 Bf8 36. Rb3 Rxa3 37. Rxa3 Bxa3 38. Kg2 Kg7 39. h4 Kf6 40. Kf3 Kf5 41. g4+ Ke5 42.
Ke3 Be7 43. g5 Kf5 44. Kf3 Bxg5 45. h5 Be7 46. Kg3 Kg5 47. hxg6 hxg6 48. Kf3 Kh4 49.
Kg2 g5 50. Kh1 Kg3 51. Kg1 g4 52. Kf1 Kh2 53. Kf2 g3+ 54. Kf1 g2+ 55. Kf2 g1=Q+ 56.
Kf3 Qg3+ 0-1

[Event "*** Titled Tuesday 3|2 Blitz"]
[Site "Chess.com"]
[Date "2015.12.01"]
[Round "3"]
[White "Assasin14"]
[Black "cheese111"]
[Result "0-1"]
[WhiteElo "1892"]
[BlackElo "2203"]
[TimeControl "180+2"]
[EndTime "17:36:58 PST"]
[Termination "cheese111 won by resignation"]

1. e4 e5 2. Nf3 Nc6 3. Bb5 a6 4. Ba4 Nf6 5. Qe2 b5 6. Bb3 Be7 7. O-O O-O 8. c3 d6 9. Rd1 Na5 10. Bc2 c5 11. a4 Bd7 12. d4 Qc7 13. Bg5 h6 14. Bh4 Be6 15. Bg3 Nh5 16. d5 Bd7 17. Na3 bxa4 18. Nc4 Nb3 19. Bxb3 axb3 20. Nfd2 Nxg3 21. hxg3 Rfb8 22. Qf3 a5 23. Ne3 a4 24. Ra3 Bf8 25. c4 Qb6 26. g4 Qd8 27. Ndf1 Qg5 28.
Ng3 Qf4 29. Ngf5 Qxf3 30. gxf3 g6 31. Ng3 Be7 32. Rda1 Bd8 33. Kg2 Ba5 34. Rh1 Kg7 35. Raa1 Bb4 36. Rh2 a3 37. bxa3 Rxa3 38. Rhh1 Rxa1 39.
Rxa1 Bc3 40. Rb1 Bd4 41. Nd1 b2 42. Ne3 Ba4 43. Kf1 Bxe3 44. fxe3 Bc2 45. Rxb2 Rxb2 46. Ne2 Bd3 0-1